 Dungeon Crawl Stone Soup version bcrawl-1.34.4 (webtiles) character file.

Game seed: 3054767586682680853

192824 KristoblXynda the Slasher (level 6, -1/55 HPs)
             Began as a Draconian Gladiator on Oct 21, 2021.
             Killed by divine providence
             ... invoked by an orc priest
              (10 damage)
             ... on level 4 of the Dungeon.
             The game lasted 00:03:37 (3040 turns).

KristoblXynda the Slasher (Draconian Gladiator)     Turns: 3040, Time: 00:03:38

Health: -1/55      AC:  7    Str: 18    XL:     6   Next: 45%
Magic:  6/6        EV: 13    Int:  9    God:
Gold:   177        SH:  1    Dex: 12    Spells: 5/5 levels left

rFire    . . .     SeeInvis .   a - +0 long sword
rCold    . . .     Gourm    .   (no shield)
rNeg     . . .     Faith    .   (armour unavailable)
rPois    .         Spirit   .   b - +1 hat
rElec    .         Reflect  .   (no cloak)
rCorr    .         Harm     .   (no gloves)
MR       .....                  (no boots)
Stlth    +.........             k - amulet of regeneration
HPRegen  0.36/turn              (no ring)
MPRegen  0.10/turn              (no ring)

@: no status effects
A: unfitting armour, cold-blooded, AC +6
a: no special abilities


You were on level 4 of the Dungeon.
You were not hungry.

You visited 1 branch of the dungeon, and saw 4 of its levels.

You collected 177 gold pieces.

Inventory:

Hand Weapons
 a - a +0 long sword (weapon)
Missiles
 c - 3 throwing nets (quivered) {=f}
Armour
 b - a +1 hat (worn)
Jewellery
 k - an amulet of regeneration (around neck)
Wands
 l - a wand of iceblast (4)
Scrolls
 d - 2 scrolls of magic mapping
 f - 2 scrolls of teleportation
 g - a scroll of blinking
 j - 2 scrolls of enchant armour
 m - a scroll of remove curse
Potions
 h - a potion of curing
Comestibles
 e - 6 rations {!d}


   Skills:
 + Level 4.8 Fighting
 * Level 5.5 Long Blades
 - Level 2.0 Throwing
 + Level 4.0 Dodging


You had 5 spell levels left.
You didn't know any spells.
Your spell library was empty.

Dungeon Overview and Level Annotations

Branches:
Dungeon (4/12)
 Temple: D:4-7

Altars:
Dithmenos
Lugonu


Innate Abilities, Weirdness & Mutations

Your plain brown scales are hard. (AC +6)
You cannot fit into any form of body armour.
You are cold-blooded and may be slowed by cold attacks.


Message History

You see here a +0 hand axe.
You hit the orc wizard.
Your tail-slap misses the orc wizard.
The orc wizard is heavily wounded.
The orc priest mumbles some strange prayers to Beogh against you.
Pain shoots through your body!
The orc wizard gestures at you while chanting.
The magic dart hits you but does no damage.
The orc priest invokes the aid of Beogh against you.
Beogh smites you!
As you read the scroll of teleportation, it crumbles to dust.
You feel strangely unstable.
Your surroundings suddenly seem different.
The orc wizard mumbles some strange words.
The orc wizard seems to speed up.
The orc priest calls down the wrath of Beogh upon you.
Pain shoots through your body!
* * * LOW HITPOINT WARNING * * *
The orc priest mumbles some strange prayers to Beogh against you.
Beogh smites you!
You die...

#......[..#..<.....#
#............##########
#........######........
#........# #........
#........# #........
#........######o.......
#......................
#............o.........
#.......)@o............
#...!...%######........
#......................
########..........#####
#...)......#
............#
.............
o..............
o.o....########


You could see an orc wizard and 2 orc priests.

Vanquished Creatures
  2 orc priests
  3 worker ants (D:4)
  2 orc wizards (D:3)
  A hound skeleton (D:4)
  A howler monkey skeleton (D:4)
  4 adders
  An ooze (D:3)
  2 worms (D:2)
  4 dart slugs (D:1)
  2 leopard geckos
  10 orcs
  7 bats
  5 giant cockroaches
  9 goblins
  9 hobgoblins
  3 jackals (D:2)
  9 quokkas
  A ball python (D:2)
  A frilled lizard (D:3)
  A jackal skeleton (D:2)
  9 kobolds
  A quokka skeleton (D:3)
  7 rats
  A plant (D:3)
95 creatures vanquished.

Notes
Turn   | Place    | Note
-------+----------+-------------------------------------------
     0 | D:1      | KristoblXynda the Draconian Gladiator began the quest for
                  | the Orb.
     0 | D:1      | Reached XP level 1. HP: 19/19 MP: 1/1
    58 | D:1      | Reached XP level 2. HP: 24/26 MP: 2/2
   377 | D:1      | Reached XP level 3. HP: 30/31 MP: 3/3
   875 | D:2      | Found a shadowy altar of Dithmenos.
  1234 | D:2      | Reached XP level 4. HP: 24/40 MP: 4/4
  1246 | D:2      | Reached skill level 4 in Long Blades
  1727 | D:3      | Reached XP level 5. HP: 15/46 MP: 5/5
  2626 | D:3      | Found a corrupted altar of Lugonu.
  2652 | D:3      | Reached skill level 5 in Long Blades
  2890 | D:4      | Reached XP level 6. HP: 43/53 MP: 6/6
  3040 | D:4      | Killed from afar by an orc priest

Skill      XL: |  1  2  3  4  5  6 |
---------------+-------------------+-----
Throwing       | 2 |  2.0
Dodging        | 3 4 |  4.0
Long Blades    | 4 5 |  5.5
Fighting       | 4 |  4.8

Action                   |  1- 3 |  4- 6 || total
-------------------------+-------+-------++-------
Melee: Long sword        |   138 |   192 ||   330
       Tailslap          |    23 |    23 ||    46
  Use: Scroll            |     1 |     6 ||     7
       Potion            |       |     1 ||     1
 Stab: Sleeping          |       |     2 ||     2
  Eat: Chunk             |     4 |    12 ||    16
Armor: Skin              |    47 |    47 ||    94
Dodge: Dodged            |   113 |   103 ||   216
Block: Other             |     1 |     3 ||     4
